 Dungeon Crawl Stone Soup version 0.23.2-11-gf996548c65 (console) character file.

Game seed: 1516712425619594161

69 endege the Skirmisher (level 4, -1/40 HPs)
             Began as a Draconian Berserker on June 6, 2019.
             Was a Believer of Trog.
             Killed by nerve-wracking pain
             ... invoked by Grinder
              (14 damage)
             ... on level 3 of the Dungeon.
             The game lasted 00:13:42 (1518 turns).

endege the Skirmisher (Draconian Berserker)         Turns: 1518, Time: 00:13:44

Health: -1/40      AC:  7    Str: 21    XL:     4   Next: 2%
Magic:  4/4        EV: 13    Int:  7    God:    Trog [**....]
Gold:   89         SH:  0    Dex: 10    Spells: 3/3 levels left

rFire    . . .     SeeInvis .   a - +0 spear
rCold    . . .     Gourm    .   (no shield)
rNeg     . . .     Faith    .   (armour unavailable)
rPois    .         Spirit   .   (helmet restricted)
rElec    .         Reflect  .   (no cloak)
rCorr    .         Harm     .   g - +0 pair of gloves
MR       .....                  d - +0 pair of boots
Stlth    +.........             (no amulet)
HPRegen  0.13/turn              (no ring)
MPRegen  0.09/turn              (no ring)

@: no status effects
A: unfitting armour, cold-blooded, AC +5
a: Berserk, Trog's Hand, Renounce Religion


You were on level 3 of the Dungeon.
You worshipped Trog.
Trog was pleased with you.
You were not hungry.

You visited 1 branch of the dungeon, and saw 3 of its levels.

You collected 89 gold pieces.

Inventory:

Hand Weapons
 a - a +0 spear (weapon)
 p - a +0 shortbow
 s - a +0 trident
Missiles
 c - 38 arrows
Armour
 d - a +0 pair of boots (worn)
 g - a +0 pair of gloves (worn)
Jewellery
 o - an uncursed amulet of inaccuracy
Scrolls
 h - a scroll of teleportation
 l - 3 scrolls of identify
 r - a scroll of magic mapping {unknown}
 t - a scroll of remove curse
Potions
 f - 2 potions of brilliance {unknown}
 i - a potion of might {unknown}
 k - a potion of cancellation {unknown}
 m - 3 potions of ambrosia
 n - a potion of heal wounds {unknown}
 q - a potion of haste {unknown}
Comestibles
 b - 2 rations
 j - 4 chunks of flesh


   Skills:
 + Level 3.9 Fighting
 + Level 3.8 Polearms
 + Level 3.4 Dodging
 + Level 0.2 Stealth


You had 3 spell levels left.
You didn't know any spells.
Your spell library was empty.

Dungeon Overview and Level Annotations

Branches:
Dungeon (3/15)

Altars:

Annotations:
D:3 Grinder


Innate Abilities, Weirdness & Mutations

Your plain brown scales are hard. (AC +5)
You cannot fit into any form of body armour.
You are cold-blooded and may be slowed by cold attacks.


Message History

You closely miss the kobold. The kobold hits you but does no damage.
You barely miss the kobold.
Your tail-slap misses the kobold.
The kobold hits you.
You closely miss the kobold. The kobold closely misses you.
You hit the kobold.
You kill the kobold!
Trog accepts your kill.
You can now call upon Trog for regeneration and magic resistance.
You hit Grinder.
Grinder is lightly wounded.
Grinder completely misses you.
You closely miss Grinder.
Your tail-slap misses Grinder.
Grinder is lightly wounded.
Grinder hits you.
* * * LOW HITPOINT WARNING * * *
You writhe in agony.
* * * LOW HITPOINT WARNING * * *
It was a potion of curing.
You feel better. Grinder gestures at you. Pain shoots through your body!
You die...

#..##.###.##
#.<....).
#..........#
#....##.#
##>##.######
#########
#.##.#
#.##.#
#.##.#
#.##.#####
#........#
####.###.# #
#.# #@###.#
#.# #5#...#
#.###.(..##
#.........#
#####.....#
#.#...#
#.##..# #.#
..# ..# ..#
### ..#


You could see Grinder.

Vanquished Creatures
  3 gnolls (D:3)
  An adder (D:2)
  A dart slug (D:1)
  A leopard gecko (D:1)
  A ball python (D:1)
  2 bats
  5 giant cockroaches
  A hobgoblin (D:1)
  4 frilled lizards
  3 goblins (D:1)
  8 kobolds
30 creatures vanquished.

Notes
Turn   | Place    | Note
-------+----------+-------------------------------------------
     0 | D:1      | endege the Draconian Berserker began the quest for the Orb.
     0 | D:1      | Reached XP level 1. HP: 19/19 MP: 1/1
   306 | D:1      | Reached XP level 2. HP: 26/26 MP: 2/2
   967 | D:2      | Reached XP level 3. HP: 17/33 MP: 3/3
  1497 | D:3      | Reached XP level 4. HP: 40/40 MP: 4/4
  1502 | D:3      | Noticed Grinder
  1515 | D:3      | Reached ** piety under Trog
  1518 | D:3      | Killed from afar by Grinder

Skill      XL: |  1  2 |
---------------+-------+-----
Dodging        | 3 |  3.4
Fighting       | |  3.9
Polearms       | |  3.8
Stealth        | |  0.2

Action                   |  1- 3 |  4- 6 || total
-------------------------+-------+-------++-------
Melee: Spear             |   109 |    12 ||   121
       Tailslap          |     6 |       ||     6
  Use: Scroll            |     5 |       ||     5
       Potion            |       |     1 ||     1
 Stab: Sleeping          |     3 |       ||     3
  Eat: Ration            |     1 |       ||     1
Armor: Skin              |    22 |     2 ||    24
Dodge: Dodged            |    65 |     4 ||    69
